AoeStats
← BlossomForce

Arabia

509821745Analyzed
3v3 RM · 5d ago on Sep 28, 2026· 32m 3s· 6 players
Game mode
Random Map
Map size
Normal (6 player)
Population
200
Speed
Normal
Resources
Standard
Victory
Conquest
Starting age
Dark Age
Ending age
Imperial Age
RankedLock teamsTeams togetherTeam positionsShared explorationLock speedFull tech treeHidden civsTurbo modeCheats
Victory
Defeat
🇨🇦 Danes · Canada
1446
+16
🇺🇸 Japanese · United States
1320
+21
🇺🇸 Varangians · United States
1295
+21
🇵🇪 Vietnamese · Peru
1508
-22
🇲🇽 Magyars · Mexico
1393
-18
🇲🇽 Britons · Mexico
1392
-18
AlohaInMyHeartForAOE2
6:22 Loom
7:03 Loom
9:16 Feudal Age
9:24 Man-at-Arms
12:16 Scale Mail Armor
13:46 Arson
21:57 Castle Age
22:06 Long Swordsman
BlossomForce
9:35 Loom
11:53 Feudal Age
14:23 Double-Bit Axe
14:19 Horse Collar
19:33 Fletching
19:50 Scale Barding Armor
24:45 Castle Age
23:58 Scale Barding Armor
24:04 Forging
24:36 Bloodlines
25:22 Scale Mail Armor
24:46 Pikeman
24:52 Pikeman
25:32 Squires
27:16 Chain Mail Armor
29:40 Wheelbarrow
nap ydnar
6:54 Loom
9:28 Feudal Age
10:21 Double-Bit Axe
12:38 Fletching
12:46 Town Watch
24:36 Castle Age
22:36 Horse Collar
23:13 Gold Mining
24:38 Crossbowman
25:14 Bodkin Arrow
27:28 Ballistics
viktorcal999
5:11 Loom
8:46 Feudal Age
9:24 Man-at-Arms
21:59 Double-Bit Axe
24:23 Horse Collar
28:24 Castle Age
Manquito 3000
2:09 Loom
10:23 Feudal Age
11:07 Horse Collar
11:13 Double-Bit Axe
17:05 Scale Barding Armor
21:25 Wheelbarrow
22:18 Bloodlines
25:39 Town Watch
27:56 Man-at-Arms
28:52 Scale Mail Armor
28:55 Gold Mining
33:47 Castle Age
CTM | Pentrus
6:15 Loom
8:51 Feudal Age
12:17 Fletching
15:42 Padded Archer Armor
23:37 Castle Age
23:22 Double-Bit Axe
24:23 Bodkin Arrow
24:08 Crossbowman
25:42 Leather Archer Armor
28:55 Ballistics
Connection lost

Rejoining the realm…

Still unreachable

The connection could not be restored.

Session expired

The server has moved on; the page needs a fresh start.